 Dungeon Crawl Stone Soup version 0.17-a0-1197-g2d00c63 (webtiles) character file.

1067 wvc the Basher (level 8, 0/61 HPs)
             Began as a Ghoul Gladiator on June 2, 2015.
             Was a Follower of Cheibriados.
             Slain by an ogre
             ... wielding a +0 giant club
              (12 damage)
             ... on level 6 of the Dungeon.
             The game lasted 00:14:31 (4752 turns).

wvc the Basher (Ghoul Gladiator)                    Turns: 4752, Time: 00:14:31

Health: 0/61       AC: 16    Str: 22    XL:     8   Next: 28%
Magic:  7/7        EV: 11    Int:  6    God:    Cheibriados [*.....]
Gold:   90         SH:  0    Dex: 14    Spells: 0 memorised, 7 levels left

rFire  . . .     SeeInvis .     B - +0 quarterstaff (protect)
rCold  + . .     Clarity  .     m - +0 scale mail
rNeg   + + +     SustAt   .     (no shield)
rPois  ∞         Gourm    .     c - +0 helmet
rElec  .         Spirit   .     i - +0 cloak
rCorr  .         Warding  .     w - +2 pair of gloves
rMut   .         Stasis   .     (no boots)
MR     .....                    (no amulet)
Stlth  ..........               (no ring)
                                (no ring)

@: rotting, very slow, not resistant to hostile enchantments, extremely
unstealthy
A: rotting body, claws 1, carnivore 3, cold resistance 1, negative energy
resistance 3, slow healing 1, torment resistance, unbreathing
a: Bend Time, Renounce Religion


You were on level 6 of the Dungeon.
You worshipped Cheibriados.
Cheibriados was aware of your devotion.
You were not hungry.

You visited 2 branches of the dungeon, and saw 7 of its levels.

You collected 278 gold pieces.
You spent 188 gold pieces at shops.

Inventory:

Hand weapons
 a - a +1 flail
 p - a +0 vampiric whip
 B - a +0 quarterstaff of protection (weapon)
Armour
 c - a +0 helmet (worn)
 i - a +0 cloak (worn)
 m - a +0 scale mail (worn)
 w - a +2 pair of gloves (worn)
Magical devices
 u - a wand of cold (13)
Scrolls
 d - a scroll of enchant weapon
 f - 2 scrolls of immolation
 q - 3 scrolls of remove curse
 s - 2 scrolls of teleportation
 x - a scroll of enchant armour
Potions
 b - 5 potions of brilliance
 g - 2 potions of agility
 h - a potion of degeneration {unknown}
 j - a potion of magic {unknown}
 l - 2 potions of might {unknown}
 o - 4 potions of flight {unknown}
 r - a potion of poison {unknown}
 t - 2 potions of curing
 v - a potion of invisibility {unknown}
 z - 2 potions of cure mutation {unknown}
 A - a potion of resistance
 D - a potion of lignification {unknown}
Books
 e - a book of Alchemy

   Spells                             Type                      Level
   a - Sublimation of Blood           Necromancy                   2
   b - Ignite Poison                  Fire/Transmutation/Poison    3
   c - Alistair's Intoxication        Transmutation/Poison         4
   d - Condensation Shield            Ice                          4
   e - Petrify                        Transmutation/Earth          4
   f - Irradiate                      Conjuration/Transmutation    5
Comestibles
 k - a chunk of flesh
 n - 3 meat rations
 C - a royal jelly


   Skills:
 - Level 2.1 Fighting
 * Level 8.5 Maces & Flails
 - Level 1.8 Throwing
 - Level 2.4 Armour
 - Level 3.1 Dodging


You had 7 spell levels left.
You didn't know any spells.

Dungeon Overview and Level Annotations

Branches:
Dungeon (6/15)             Temple (1/1) D:5

Altars:
Ashenzari
Cheibriados
Dithmenos
Fedhas
Makhleb
Nemelex Xobeh
Okawaru
Qazlal
Ru
Sif Muna
Trog
Vehumet
Xom
Yredelemnul
Zin
The Shining One

Shops:
D:5 !%(


Innate Abilities, Weirdness & Mutations

Your body is rotting away.
You thrive on raw meat.
You are immune to poison.
You have sharp fingernails.
You are carnivorous and can eat meat at any time.
Your flesh is cold resistant.
You are immune to negative energy.
You heal slowly when monsters are visible.
You are immune to unholy pain and torment.
You can survive without breathing.


Message History

You sock the ogre!
The ogre is moderately wounded.
The ogre hits you with a giant club!!
Your scale mail prevents you from hitting the ogre.
The ogre is moderately wounded.
The ogre hits you with a giant club!
You hit the ogre.
The ogre is heavily wounded.
The ogre hits you with a giant club!
* * * LOW HITPOINT WARNING * * *
You are too injured to fight recklessly!
You are too injured to fight recklessly!
You are too injured to fight recklessly!
You sock the ogre!
The ogre is severely wounded.
The ogre barely misses you.
You barely miss the ogre.
The ogre is severely wounded.
The ogre hits you with a giant club!
You die...

..........##.[.....#......
#.#...............>.......
....#######..........<....
###. .# ##...............
# .###............#...
............#.#.....
##..................
#..........#.#..#..
######.@................
.......O...>....#...#...
#######.............#...
###.......[...>..#..
#..........#........
#.....##.#..........
........###.##.###.....
....[##.. ......#####.<
#.###. #####.##.... #..


You could see an ogre.

Vanquished Creatures
  Grinder (D:4)
  A sky beast (D:5)
  An ogre (D:4)
  A centaur (D:5)
  2 crimson imps (D:5)
  An orc priest (D:5)
  A centaur skeleton (D:3)
  Crazy Yiuf (D:2)
  3 orc wizards
  An iguana (D:4)
  An iguana (shapeshifter) (D:4)
  2 worker ants
  6 gnolls
  Robin (D:2)
  4 adders
  2 shadow imps
  3 oozes
  An adder zombie (D:5)
  3 worms (D:5)
  6 giant geckos
  9 orcs
  12 bats
  11 hobgoblins
  13 jackals
  4 quokkas
  A ball python (D:2)
  6 giant cockroaches
  A giant gecko skeleton (D:4)
  2 giant newts (D:2)
  18 goblins
  10 kobolds
  14 rats
143 creatures vanquished.

Vanquished Creatures (others)
  A quokka skeleton (D:4)
1 creature vanquished.

Grand Total: 144 creatures vanquished

Notes
Turn   | Place    | Note
--------------------------------------------------------------
     0 | D:1      | wvc the Ghoul Gladiator began the quest for the Orb.
     0 | D:1      | Reached XP level 1. HP: 17/17 MP: 0/0
    79 | D:1      | Reached skill level 3 in Dodging
    99 | D:1      | Reached XP level 2. HP: 21/24 MP: 1/1
   604 | D:1      | Reached XP level 3. HP: 20/29 MP: 2/2
  1102 | D:2      | Noticed Crazy Yiuf
  1112 | D:2      | Killed Crazy Yiuf
  1112 | D:2      | Reached skill level 1 in Armour
  1112 | D:2      | Reached XP level 4. HP: 27/36 MP: 3/3
  1291 | D:2      | Noticed Robin
  1308 | D:2      | Reached skill level 4 in Maces & Flails
  1323 | D:2      | Killed Robin
  1326 | D:2      | Reached XP level 5. HP: 12/41 MP: 4/4
  1534 | D:2      | Found a radiant altar of Vehumet.
  1538 | D:2      | Found a basalt altar of Yredelemnul.
  1548 | D:2      | Found a shimmering altar of Xom.
  1879 | D:3      | Found a shadowy altar of Dithmenos.
  2362 | D:3      | Reached skill level 5 in Maces & Flails
  2362 | D:3      | Reached XP level 6. HP: 46/48 MP: 5/5
  2392 | D:3      | HP: 1/48 [orc/war axe (5)]
  2907 | D:4      | Noticed Purgy
  2913 | D:4      | Noticed Purgy
  2913 | D:4      | Purgy changed into Purgy the iguana
  2918 | D:4      | Killed Purgy the iguana
  2969 | D:4      | Reached skill level 6 in Maces & Flails
  2969 | D:4      | Reached XP level 7. HP: 28/55 MP: 6/6
  3350 | D:4      | Noticed Grinder
  3362 | D:4      | Paralysed by Grinder for 7 turns
  3373 | D:4      | Killed Grinder
  3373 | D:4      | Reached skill level 7 in Maces & Flails
  3414 | D:5      | Entered Level 5 of the Dungeon
  3428 | D:5      | Found a sacrificial altar of Ru.
  3487 | D:5      | Found a staircase to the Ecumenical Temple.
  3499 | Temple   | Entered the Ecumenical Temple
  3700 | Temple   | Became a worshipper of Cheibriados the Contemplative
  4112 | D:5      | Reached skill level 8 in Maces & Flails
  4112 | D:5      | Reached XP level 8. HP: 34/61 MP: 7/7
  4122 | D:5      | Found Kaaceul's Distillery.
  4132 | D:5      | Bought a potion of resistance for 100 gold pieces
  4287 | D:5      | Found Roprul's Food Shop.
  4302 | D:5      | Found Neoreilu's Weapon Boutique.
  4306 | D:5      | Bought a +0 quarterstaff of protection for 88 gold pieces
  4314 | D:5      | Acquired Cheibriados's first power
  4579 | D:5      | Found a sacrificial altar of Ru.
  4752 | D:6      | Slain by an ogre

Vault maps used:
D:1:      dpeg_arrival_water_temple_mockup
D:2:      minmay_overflow_temple_star_quad, grunt_ministairs_2,
          uniq_crazy_yiuf_cottage, uniq_robin
D:3:      nicolae_dithmenos_through_a_glass_darkly
D:4:      first_bread, uniq_purgy, uniq_grinder
D:5:      kennysheep_mini, minmay_temple_entry_mist, serial_shops, shop,
          nicolae_shop_crystal, shop, nicolae_ru_awakened_eye
D:6:      serial_glass, glass_columns_a, glass_columns_a, glass_columns_b,
          glass_columns_b, glass_columns_b, glass_columns_a, uniq_blork_the_orc
Temple:   nicolae_temple_god_jail

Action                   |  1- 3 |  4- 6 |  7- 9 || total
-------------------------+-------+-------+-------++-------
Melee: Flail             |    88 |       |    87 ||   175
       Quarterstaff      |       |   184 |    95 ||   279
       Whip              |       |    96 |       ||    96
Throw: Throwing net      |     2 |     2 |       ||     4
  Use: Scroll            |     2 |     4 |     6 ||    12
 Stab: Held in net/web   |       |     1 |       ||     1
       Distracted        |       |       |     1 ||     1
  Eat: Chunk             |    18 |    33 |     8 ||    59
       Meat ration       |     1 |       |       ||     1
       Beef jerky        |       |       |     2 ||     2
       Pizza             |       |       |     1 ||     1
